AoeStats
← Jakobob

Arena

509922946Analyzed
1v1 RM · 3d ago on Sep 28, 2026· 42m 31s· 2 players
Game mode
Random Map
Map size
Tiny (2 player)
Population
200
Speed
Normal
Resources
Standard
Victory
Conquest
Starting age
Dark Age
Ending age
Imperial Age
RankedLock teamsTeams togetherTeam positionsShared explorationLock speedFull tech treeHidden civsTurbo modeCheats
Victory
Defeat
🇩🇪 Magyars · Germany
736
+16
🇹🇷 Sicilians · Türkiye
737
-32
Jakobob
6:00 Loom
10:52 Feudal Age
14:07 Wheelbarrow
13:40 Double-Bit Axe
17:41 Castle Age
16:54 Scale Barding Armor
24:49 Bow Saw
24:29 Horse Collar
28:30 Heavy Plow
30:11 Husbandry
31:41 Chain Barding Armor
34:29 Imperial Age
34:00 Hand Cart
33:31 Town Watch
33:26 Elite Skirmisher
34:57 Corvinian Army
34:33 Elite Skirmisher
37:03 Elite Magyar Huszar
37:45 Recurve Bow
38:12 Cavalier
38:53 Heavy Scorpion
40:10 Plate Barding Armor
39:26 Fletching
39:37 Padded Archer Armor
39:47 Thumb Ring
coksoktuncek
7:31 Loom
10:38 Feudal Age
12:15 Double-Bit Axe
16:52 Horse Collar
19:49 Forging
22:13 Scale Mail Armor
26:18 Castle Age
24:16 Gold Mining
24:18 Stone Mining
26:20 Pikeman
27:02 Squires
27:53 Iron Casting
27:33 Chain Mail Armor
28:42 Heavy Plow
32:26 Arson
36:59 Elite Skirmisher
Connection lost

Rejoining the realm…

Still unreachable

The connection could not be restored.

Session expired

The server has moved on; the page needs a fresh start.